 Dungeon Crawl Stone Soup version 0.25-a0-460-g4f2eb97ec1 (webtiles) character file.

Game seed: 2259391137934851792, levelgen mode: deterministic

4402 Erk the Cleaver (level 10, 0/92 HPs)
             Began as a Hill Orc Monk on Feb 3, 2020.
             Was a Priest of Elyvilon.
             Slain by a gnoll shaman
             ... wielding a +0 halberd
              (9 damage)
             ... in a bailey.
             The game lasted 00:37:28 (7976 turns).

Erk the Cleaver (Hill Orc Monk)                     Turns: 7976, Time: 00:37:28

Health: 0/92       AC: 11    Str: 18    XL:     10   Next: 35%
Magic:  12/16      EV:  6    Int: 10    God:    Elyvilon [***...]
Gold:   557        SH: 11    Dex: 13    Spells: 9/9 levels left

rFire    . . .     SeeInvis .   t - +0 war axe
rCold    . . .     Gourm    .   A - +0 large shield
rNeg     . . .     Faith    .   p - +0 chain mail
rPois    .         Spirit   .   (no helmet)
rElec    .         Reflect  .   b - +0 cloak
rCorr    .         Harm     .   h - +0 pair of gloves
MR       .....                  (no boots)
Stlth    ..........             (no amulet)
HPRegen  0.25/turn              E - +3 ring of evasion
MPRegen  0.15/turn              B - +1 ring of protection

@: no status effects
A: no striking features
a: Lesser Healing, Heal Other, Purification, Divine Protection, Renounce
Religion


You were in a bailey.
You worshipped Elyvilon.
Elyvilon was most pleased with you.
You were not hungry.

You visited 2 branches of the dungeon, and saw 9 of its levels.
You also visited: Ossuary and Bailey.

You collected 557 gold pieces.

Inventory:

Hand Weapons
 t - a +0 war axe (weapon)
 u - a +0 morningstar
 x - a +4 antimagic spear
 y - the +1 morningstar of Sited {antimagic, *Rage Int+5}
   (You found it on level 5 of the Dungeon)

   It reduces the magical energy of the wielder, and disrupts the spells and
   magical abilities of those hit.
   Natural abilities and divine invocations are not affected.
   It affects your intelligence (+5).
   It may make you go berserk in combat.
Missiles
 g - 7 throwing nets
 m - 21 poisoned darts (quivered)
Armour
 b - a +0 cloak (worn)
 h - a +0 pair of gloves (worn)
 p - a +0 chain mail (worn)
 A - a +0 large shield (worn)
 H - a +0 scale mail of positive energy
 J - a cursed +0 scale mail
Jewellery
 k - a +3 ring of intelligence
 v - an uncursed ring of fire
 B - a +1 ring of protection (right hand)
 E - a +3 ring of evasion (left hand)
 I - a +4 ring of dexterity {unknown}
Wands
 w - a wand of flame (11)
Scrolls
 a - a scroll of enchant weapon {unknown}
 e - 4 scrolls of magic mapping {unknown}
 f - 3 scrolls of remove curse
 j - a scroll of fear {unknown}
 l - a scroll of amnesia {unknown}
 s - 3 scrolls of teleportation {unknown}
 C - 2 scrolls of acquirement {unknown}
 D - 2 scrolls of fog {unknown}
 F - a scroll of identify
 G - 2 scrolls of enchant armour {unknown}
Potions
 i - 2 potions of flight {unknown}
 n - 4 potions of lignification
 o - 4 potions of brilliance
 q - 6 potions of agility
 r - 2 potions of ambrosia {unknown}
 z - 2 potions of curing
 K - a potion of might {unknown}
Comestibles
 c - 9 rations


   Skills:
 + Level 9.7 Fighting
 * Level 13.8 Axes
 - Level 2.4 Dodging
 - Level 1.5 Stealth
 + Level 9.1 Invocations


You had 9 spell levels left.
You didn't know any spells.
Your spell library was empty.

Dungeon Overview and Level Annotations

Branches:
Dungeon (8/15)             Temple (1/1) D:4         Ossuary (visited)
 Bailey (1/1)
   Lair: D:8-11

Altars:
Ashenzari
Cheibriados
Dithmenos
Elyvilon
Fedhas
Gozag
Hepliaklqana
Kikubaaqudgha
Makhleb
Nemelex Xobeh
Okawaru
Qazlal
Ru
Trog
Uskayaw
Vehumet
Wu Jian
Xom
Yredelemnul
Zin
The Shining One


Message History

The gnoll shaman hits you from afar with a +0 halberd.
* * * LOW HITPOINT WARNING * * *
You block the gnoll's attack. You block the gnoll sergeant's attack.
Things that are here:
a cursed +0 trident; a +0 scale mail
There is an empty arch of ancient stone here.
Things that are here:
a +0 spear; a +0 chain mail You block the gnoll sergeant's attack.
The gnoll shaman calls down the wrath of its god upon you.
You easily resist.
Things that are here:
a +0 glaive; a +0 chain mail
There is a gate leading back out of this place here.
The gnoll sergeant hits you with a +0 glaive.
* * * LOW HITPOINT WARNING * * *
The gnoll hits you but does no damage.
The gnoll shaman hits you from afar with a +0 halberd!
You die...

### ♣∩♣ ♣@♣ ♣♣g♣♣
♣♣♣♣)gg♣♣
♣♣...))..♣♣♣♣
♣♣♣...........♣♣♣
♣......)........♣
≈≈≈≈≈≈≈...≈≈≈≈≈≈≈
≈...............≈
.................


You could see a gnoll sergeant, a gnoll shaman and a gnoll.

Vanquished Creatures
  Sigmund (D:6)
  A hungry ghost (D:7)
  Menkaure (D:5)
  2 water moccasins (D:7)
  An ice beast (D:5)
  2 eyes of draining (D:5)
  4 centaurs
  2 phantoms
  10 big kobolds (D:3)
  4 elf zombies (Ossuary)
  2 bullfrogs
  4 gnoll sergeants (Bailey)
  A scorpion (D:6)
  3 crimson imps (D:5)
  5 centaur zombies (Ossuary)
  A centaur skeleton (D:4)
  4 orc priests
  3 orc wizards
  3 human zombies (Ossuary)
  3 jellies
  3 gnoll shamans (Bailey)
  4 hounds
  An iron imp (D:6)
  2 iguanas
  5 worker ants
  A hound zombie (D:6)
  3 mummies (Ossuary)
  27 gnolls
  11 adders
  A shadow imp (D:6)
  2 oozes (D:1)
  2 worms (D:4)
  3 dart slugs (D:1)
  6 leopard geckos
  15 orcs
  8 bats
  3 giant cockroaches
  15 goblins
  8 hobgoblins
  2 jackals (D:5)
  51 kobolds
  4 quokkas
  2 ball pythons (D:1)
  4 frilled lizards
  A goblin zombie (D:6)
  A jackal skeleton (D:4)
  A leopard gecko zombie (D:5)
  A quokka zombie (D:7)
  9 rats
253 creatures vanquished.

Notes
Turn   | Place    | Note
-------+----------+-------------------------------------------
     0 | D:1      | Erk the Hill Orc Monk began the quest for the Orb.
     0 | D:1      | Reached XP level 1. HP: 19/19 MP: 1/1
   131 | D:1      | Reached XP level 2. HP: 27/27 MP: 2/2
   259 | D:1      | Reached skill level 5 in Axes
   259 | D:1      | Reached XP level 3. HP: 26/33 MP: 3/3
   801 | D:1      | Reached XP level 4. HP: 21/41 MP: 4/4
  1130 | D:2      | Reached skill level 6 in Axes
  1647 | D:2      | Found a hide-covered altar of Uskayaw.
  1647 | D:2      | Found a white marble altar of Elyvilon.
  1651 | D:2      | Became a worshipper of Elyvilon the Healer
  1651 | D:2      | Reached * piety under Elyvilon
  1651 | D:2      | Reached ** piety under Elyvilon
  1991 | D:3      | Reached XP level 5. HP: 47/47 MP: 5/5
  2048 | D:3      | Noticed a big kobold
  2079 | D:3      | Killed a big kobold
  2079 | D:3      | Reached skill level 5 in Fighting
  2079 | D:3      | Reached skill level 7 in Axes
  2079 | D:3      | Reached skill level 1 in Invocations
  2110 | D:3      | Noticed a big kobold
  2138 | D:3      | Killed a big kobold
  2138 | D:3      | Reached XP level 6. HP: 42/56 MP: 7/7
  2217 | D:3      | Reached skill level 8 in Axes
  2313 | D:3      | Reached XP level 7. HP: 47/62 MP: 9/9
  2408 | D:3      | Reached skill level 9 in Axes
  2465 | D:3      | Reached XP level 8. HP: 37/71 MP: 11/11
  2610 | D:3      | Reached *** piety under Elyvilon
  3188 | D:4      | Found a staircase to the Ecumenical Temple.
  3198 | Temple   | Entered the Ecumenical Temple
  3440 | D:4      | Reached skill level 5 in Invocations
  3659 | D:4      | Reached skill level 10 in Axes
  3704 | D:4      | Found an iron altar of Okawaru.
  3791 | D:4      | Reached **** piety under Elyvilon
  3866 | D:5      | Entered Level 5 of the Dungeon
  3928 | D:5      | Noticed Menkaure
  3950 | D:5      | Killed Menkaure
  4512 | D:5      | Reached skill level 11 in Axes
  4549 | D:5      | Got a scorched morningstar
  4550 | D:5      | Identified the cursed +1 morningstar of Sited {antimagic,
                  | *Rage Int+5} (You found it on level 5 of the Dungeon)
  4591 | D:5      | Reached XP level 9. HP: 80/80 MP: 4/13
  4878 | D:5      | Found a bloodstained altar of Trog.
  4971 | D:6      | Noticed Sigmund
  4987 | D:6      | Killed Sigmund
  5109 | D:6      | Reached skill level 12 in Axes
  5135 | D:6      | Found a sand-covered staircase.
  5145 | Ossuary  | Entered an ossuary
  6116 | D:6      | Found a snail-covered altar of Cheibriados.
  6270 | D:7      | Reached ***** piety under Elyvilon
  6278 | D:7      | Reached skill level 13 in Axes
  6324 | D:7      | Reached XP level 10. HP: 79/91 MP: 16/16
  6765 | D:7      | Found a hazy altar of Hepliaklqana.
  7162 | D:8      | Found a flagged portal.
  7233 | Bailey   | Entered a bailey
  7936 | Bailey   | HP: 3/92 [gnoll sergeant/+0 halberd (6)]
  7943 | Bailey   | HP: 4/92 [gnoll sergeant/+0 glaive (1)]
  7956 | Bailey   | HP: 4/92 [gnoll/+0 trident (2)]
  7976 | Bailey   | Slain by a gnoll shaman

Levels and vault maps discovered:
D:1:      dpeg_arrival_rooms_with_view, layout_basic
D:2:      layout_rooms, gammafunk_temple_overflow_wave,
          chequers_serial_rivers_micro_d
D:3:      minmay_goblin_kobold_castle, layout_loops_corners
D:4:      layout_loops_ring, okawaru_altar_gauntlet_db,
          minmay_temple_entry_stoned_glass, first_ration
D:5:      layout_basic, trog_eyes_of_draining, minmay_misc_feat_chi,
          uniq_menkaure
D:6:      layout_cave_pools, enter_ossuary_3, chei_slow_surprise, uniq_sigmund
D:7:      layout_loops_corners, kennysheep_mini
D:8:      layout_basic, lightli_bailey_entry_fortress, uniq_grum
Temple:   eino_temple_rhombus
Bailey:   bailey_polearm_gnolls_kennysheep, bailey

Skill      XL: |  1  2  3  4  5  6  7  8  9 10 |
---------------+-------------------------------+-----
Fighting       | 4 5 6 7 9 |  9.7
Axes           | 5 6 7 8 9 11 13 | 13.8
Invocations    | 2 3 4 6 8 9 |  9.1
Dodging        | |  2.4
Stealth        | |  1.5

Action                   |  1- 3 |  4- 6 |  7- 9 | 10-12 || total
-------------------------+-------+-------+-------+-------++-------
Melee: Hand axe          |    87 |   233 |   136 |       ||   456
       War axe           |       |       |   359 |   199 ||   558
       Morningstar       |       |       |    10 |       ||    10
Invok: Lesser Healing    |       |     3 |     3 |    11 ||    17
       Purification      |       |       |     1 |     1 ||     2
       Greater Healing   |       |       |       |     9 ||     9
Evoke: Wand              |       |       |       |     8 ||     8
  Use: Scroll            |       |       |     7 |     1 ||     8
       Potion            |       |       |       |     1 ||     1
 Stab: Sleeping          |     2 |     3 |       |       ||     5
  Eat: Chunk             |       |     5 |    11 |     7 ||    23
       Ration            |       |       |     2 |     2 ||     4
Armor: Leather armour    |    25 |    22 |       |       ||    47
       Robe              |     3 |       |       |       ||     3
       Chain mail        |       |   103 |   281 |   142 ||   526
Dodge: Dodged            |    68 |   103 |   126 |    93 ||   390
Block: Large shield      |       |       |   115 |   209 ||   324

Table legend:
 A = Non-vault XP
 B = Vault XP
 C = Vault XP percentage of total XP
 D = Non-vault monster count
 E = Vault monster count
 F = Vault count percentage of total count
                 A         B        C        D         E       F
            +---------+---------+-------+---------+---------+-------
      Total |    2971 |    3318 |  52.8 |     141 |     112 |  44.3
            +---------+---------+-------+---------+---------+-------
        D:1 |      92 |       4 |   4.2 |      33 |       2 |   5.7
        D:2 |      58 |       0 |   0.0 |      13 |       0 |   0.0
        D:3 |      35 |    1053 |  96.8 |      15 |      54 |  78.3
        D:4 |     323 |      49 |  13.2 |      14 |       6 |  30.0
        D:5 |     717 |     427 |  37.3 |      32 |       5 |  13.5
        D:6 |     744 |     237 |  24.2 |      20 |       3 |  13.0
        D:7 |     887 |       0 |   0.0 |      13 |       0 |   0.0
        D:8 |     115 |      38 |  24.8 |       1 |       6 |  85.7
    Ossuary |       0 |     789 | 100.0 |       0 |      15 | 100.0
     Bailey |       0 |     721 | 100.0 |       0 |      21 | 100.0
            +---------+---------+-------+---------+---------+-------
